 Dungeon Crawl Stone Soup version 0.32-a0-585-gef4fe23122 (webtiles) character file.

Game seed: 12131346251957923163

1527271 grothendieck the Slayer (level 27, 245/245 HPs)
             Began as a Coglin Gladiator on Mar 2, 2024.
             Was a Follower of Uskayaw.
             Escaped with the Orb
             ... and 3 runes on Mar 4, 2024!
             The game lasted 06:33:37 (82939 turns).

grothendieck the Slayer (Coglin Gladiator)         Turns: 82939, Time: 06:33:38

Health: 245/245    AC: 38    Str: 27    XL:     27
Magic:  34/34      EV: 15    Int: 14    God:    Uskayaw [*.....]
Gold:   2701       SH:  0    Dex: 16    Spells: 20/26 levels left

rFire   + + +        a - +4 demon whip "Zuzerifi" {drain, rElec rF+++}
rCold   + . .        b - +9 eveningstar (freeze) {Eadburga}
rNeg    + . .        d - +10 plate armour {Will+}
rPois   +            (no helmet)
rElec   +            Y - +2 cloak {rPois}
rCorr   .            Q - +2 pair of gloves {Str+3}
SInv    .            T - +0 pair of boots of Day {rN+}
Will    +++..        (amulet unavailable) Stlth
                     (ring unavailable)
HPRegen 1.40/turn    (ring unavailable)
MPRegen 0.64/turn    O - recursive generator {rF+ rC+ Regen+ RegenMP+}

%: clarity
@: studying Ice Magic
A: off-hand wielding, slow wielding, warmup strikes, no jewellery, clarity,
clever 1, fire resistance 1
0: Orb of Zot
}: 3/15 runes: decaying, slimy, gossamer
a: Renounce Religion, Stomp


You escaped.
You worshipped Uskayaw.
Uskayaw was pleased with you.
You visited 11 branches of the dungeon, and saw 52 of its levels.
You visited 1 bazaar.
You also visited: Ice Cave and Desolation.

You collected 7707 gold pieces.
You spent 5006 gold pieces at shops.

Inventory:

Hand Weapons
 a - the +4 demon whip "Zuzerifi" (weapon) {drain, rElec rF+++}
   (You acquired it on level 5 of the Pits of Slime)

   rF+++:     It renders you almost immune to fire.
   rElec:     It insulates you from electricity.
 b - a +9 eveningstar of freezing (offhand) {Eadburga}
 q - the +11 mace of Insufficient Pleasure {flame, rN+ rCorr Int+2}
   (You found it on level 7 of the Dungeon)

   Int+2:     It affects your intelligence (+2).
   rN+:       It protects you from negative energy.
   rCorr:     It protects you from acid and corrosion.
Missiles
 w - 2 curare-tipped darts {!f}
 E - 9 silver javelins (quivered)
 J - 9 javelins
 K - 44 boomerangs
 P - 4 throwing nets {!f}
Armour
 d - a +10 plate armour of willpower (worn)
 y - the +0 helmet of Violets {rElec Will+ rCorr}
   (You bought it in a shop on level 2 of the Orcish Mines)

   rElec:     It insulates you from electricity.
   Will+:     It increases your willpower.
   rCorr:     It protects you from acid and corrosion.
 A - the +0 pair of boots of the Volcano {rF+ Dex+2}
   (You found it on level 2 of the Depths)

   Dex+2:     It affects your dexterity (+2).
   rF+:       It protects you from fire.
 Q - a +2 pair of gloves of strength (worn)
 T - the +0 pair of boots of Day (worn) {rN+}
   (You found it on level 3 of the Vaults)

   rN+:       It protects you from negative energy.
 V - a +2 pair of boots of flying
 X - the +0 pair of gloves of Utaon {Regen+ Int+4}
   (You found it on level 5 of the Pits of Slime)

   Int+4:     It affects your intelligence (+4).
   Regen+:    It increases your rate of health regeneration.
 Y - a +2 cloak of poison resistance (worn)
Gizmo
 O - a recursive generator (installed) {rF+ rC+ Regen+ RegenMP+}
   (You invented it yourself on level 3 of the Lair of Beasts)

   [recursive generator]

   rF+:       It protects you from fire.
   rC+:       It protects you from cold.
   Regen+:    It increases your rate of health regeneration.
   RegenMP+:  It increases your rate of magic regeneration.
Wands
 u - a wand of warping (36)
 x - a wand of mindburst (74)
 z - a wand of acid (15)
 D - a wand of digging (18)
 N - a wand of polymorph (7)
 Z - a wand of paralysis (32)
Scrolls
 e - 2 scrolls of enchant armour
 f - 7 scrolls of fear
 g - 11 scrolls of fog
 i - 3 scrolls of immolation {!r}
 p - 7 scrolls of poison {!r}
 s - a scroll of summoning
 t - 14 scrolls of teleportation
 v - 13 scrolls of vulnerability {!r}
 B - 4 scrolls of blinking
 R - 4 scrolls of revelation
 S - 2 scrolls of silence
Potions
 c - 12 potions of curing
 h - 14 potions of heal wounds
 j - 6 potions of resistance
 k - 8 potions of berserk rage
 l - 10 potions of brilliance
 m - 13 potions of might
 n - 6 potions of attraction {!q}
 o - 6 potions of ambrosia
 C - 3 potions of cancellation
 F - 4 potions of enlightenment
 G - 3 potions of magic
 H - 5 potions of haste
 I - 4 potions of invisibility
 L - 2 potions of lignification {!q}
 M - 3 potions of mutation {!q}
Miscellaneous
 r - a phial of floods
 U - a condenser vane


   Skills:
 + Level 26.3 Fighting
 - Level 16.0 Maces & Flails
 - Level 10.5 Throwing
 - Level 20.0 Armour
 - Level 15.0 Dodging
 + Level 8.4 Translocations
 + Level 9.8 Air Magic
 + Level 15.8 Invocations
 - Level 15.0 Evocations


You had 20 spell levels left.
You knew the following spells:

 Your Spells              Type           Power      Damage    Failure   Level
a - Apportation           Tloc           46%        N/A       4%          1
b - Blink                 Tloc           46%        N/A       6%          2
s - Swiftness             Air            27%        N/A       7%          3

Your spell library contained the following spells:

 Spells                   Type           Power      Damage    Failure   Level
 Gell's Gravitas          Tloc           23%        N/A       13%         3
 Teleport Other           Tloc           23%        N/A       13%         3
 Shock                    Conj/Air       52%        1d6       19%         1
 Airstrike                Air            13%        2d(2-18)  24%         4
 Mercury Vapours          Alch/Air       26%        N/A       26%         2
 Cigotuvi's Dreadful Rot  Necr/Alch/Air  18%        N/A       47%         2
 Volatile Blastmotes      Fire/Tloc      22%        2d11      58%         3
 Mephitic Cloud           Conj/Alch/Air  9%         N/A       71%         3
 Foxfire                  Conj/Fire      0%         2x1d4     80%         1
 Kiss of Death            Conj/Necr      0%         2d5       80%         1
 Magic Dart               Conj           0%         1d3       80%         1
 Sting                    Conj/Alch      0%         1d3       80%         1
 Summon Lightning Spire   Summ/Air       13%        N/A       87%         4
 Call Imp                 Summ           0%         N/A       90%         2
 Ensorcelled Hibernation  Hex/Ice        0%         N/A       90%         2
 Jinxbite                 Hex            0%         N/A       90%         2
 Scorch                   Fire           0%         2d5       90%         2
 Searing Ray              Conj           0%         2d4       90%         2
 Sublimation of Blood     Necr           0%         N/A       90%         2
 Dimensional Bullseye     Hex/Tloc       5%         N/A       94%         4
 Iskenderun's Mystic Bla  Conj/Tloc      11%        2d4       94%         4
 Call Canine Familiar     Summ           0%         N/A       99%         3
 Confusing Touch          Hex            0%         N/A       99%         3
 Dazzling Flash           Conj/Hex       0%         N/A       99%         3
 Frozen Ramparts          Ice            0%         1d1       99%         3
 Fugue of the Fallen      Necr           0%         N/A       99%         3
 Inner Flame              Hex/Fire       0%         N/A       99%         3
 Tukima's Dance           Hex            0%         N/A       99%         3
 Anguish                  Hex/Necr       0%         N/A       100%        4
 Animate Armour           Summ/Erth      0%         N/A       100%        4
 Dispel Undead            Necr           0%         3d6       100%        4
 Flame Wave               Conj/Fire      0%         2d4       100%        4
 Fulminant Prism          Conj/Alch      0%         3d5       100%        4
 Ignite Poison            Fire/Alch      0%         N/A       100%        4
 Leda's Liquefaction      Alch/Erth      0%         N/A       100%        4
 Olgreb's Toxic Radiance  Alch           0%         N/A       100%        4
 Petrify                  Alch/Erth      0%         N/A       100%        4
 Summon Blazeheart Golem  Fire/Summ      0%         N/A       100%        4
 Alistair's Intoxication  Alch           0%         N/A       100%        5
 Borgnjor's Vile Clutch   Necr/Erth      0%         N/A       100%        5
 Freezing Cloud           Conj/Ice/Air   4%         6-21      100%        5
 Irradiate                Conj/Alch      0%         3d11      100%        5
 Lee's Rapid Deconstruct  Erth           0%         3d4*      100%        5
 Metabolic Englaciation   Hex/Ice        0%         N/A       100%        5
 Summon Mana Viper        Hex/Summ       0%         N/A       100%        5
 Bombard                  Conj/Erth      0%         9d1       100%        6
 Dispersal                Tloc           11%        N/A       100%        6
 Plasma Beam              Fire/Air       6%         2x1d17    100%        6
 Sculpt Simulacrum        Ice/Alch       0%         N/A       100%        6
 Starburst                Conj/Fire      0%         6d3       100%        6
 Summon Cactus Giant      Summ           0%         N/A       100%        6
 Orb of Destruction       Conj           0%         9d5       100%        7
 Ozocubu's Refrigeration  Ice            0%         4d7       100%        7
 Spellforged Servitor     Conj/Summ      0%         N/A       100%        7
 Ignition                 Fire           0%         3d3       100%        8
 Maxwell's Capacitive Co  Air            13%        ∞         100%        8
 Polar Vortex             Ice            0%         N/A       100%        9


Dungeon Overview and Level Annotations

Branches:
Dungeon (15/15)            Temple (1/1) D:4            Lair (5/5) D:8
  Swamp (4/4) Lair:2       Spider (4/4) Lair:3        Slime (5/5) Lair:4
    Orc (2/2) D:10            Elf (3/3) Orc:2        Vaults (4/5) D:13
  Crypt (0/3) Vaults:2     Depths (4/4) D:15            Zot (5/5) Depths:4
  IceCv (visited)         Desolation (visited)

Altars:
Ashenzari
Cheibriados
Dithmenos
Elyvilon
Fedhas
Gozag
Hepliaklqana
Kikubaaqudgha
Makhleb
Nemelex Xobeh
Okawaru
Qazlal
Ru
Sif Muna
Trog
Uskayaw
Vehumet
Wu Jian
Xom
Yredelemnul
Zin
The Shining One
Beogh
Jiyva

Shops:
D:6 ![*!?   D:8 *   Orc:1 =   Orc:2 *(:[*   Elf:1 *(![   Vaults:1 (
Vaults:2 *[   Zot:4 *   Depths:3 ![*?

Portals:
Hell: Depths:1 Depths:2 Depths:3 Depths:4
Abyss: Depths:1 Depths:3 Depths:4
Pandemonium: Depths:2
Ziggurat: Depths:4

Annotations:
Depths:1 1 runed translucent door, exclusion: door
Zot:1 Tiamat
Zot:4 3 runed translucent doors, exclusion: obsidian statue, Befigh's ghost, legendary HOFi


Innate Abilities, Weirdness & Mutations

You can wield a second weapon in your off-hand.
It takes a long time for you to wield or remove held weapons.
Your first few attacks do less damage.
You cannot equip rings or amulets.
You possess an exceptional clarity of mind.
Your mind is acute. (Int +4, Str/Dex -1)
Your flesh is heat resistant. (rF+)


Message History

Uvyntues attacks as it pursues you! Uvyntues hits you!! x2
Press: ? - help, v - describe, . - travel
Here: Uvyntues The floor.
Press: ? - help, v - describe, . - travel
Here: Uvyntues The floor.
Blink to where?
Press: ? - help, Dir - move target An Orb Guardian comes into view.
As you read the scroll of blinking, it crumbles to dust.
You can no longer pass through a line of other dancers.
As you read the scroll of teleportation, it crumbles to dust.
You feel strangely stable.
Blink to where?
Press: ? - help, Dir - move target
As you read the scroll of blinking, it crumbles to dust.
There is an escape hatch in the ceiling here.
A mysterious force pulls you upwards. The hatch slams shut behind you.
Okay, then.
You see here the felid skeleton of Natasha.
There is a stone staircase leading up here.
You are confused.
You feel invigorated.
You start resting.
You feel less invigorated.
You feel less confused.
You climb upwards.
There is a stone staircase leading down here.
What level of the Dungeon? (default 3, ? - help)
You see here a hobgoblin skeleton.
There is a stone staircase leading up here.
You climb upwards.
There is a stone staircase leading down here.
There is an open door here.
Things that are here:
a +0 club; a hobgoblin skeleton HP restored.
There is a staircase leading out of the dungeon here.
You have escaped!

#.# #....##.÷..########.#.##...
#.# ##..####....# ###.#.#.... #.#
#..# ###..# #...#.#.... #.# #..#
##.## #.###.#.... #.# ##.## #..#
#.# #.#.### #.# #..## ##..#
#.###.#.### #.# ##..####..##
#.#........ #.#######...##.##
#.#.#.#.### ###.##...####...@#
#.#.#.#.... .##.##...# ######
#.#.#.#.... .##.##...#
#.#.#.#...# .##.##...#
#.#.......#
.##.##...##############..........
.##.##..................#.#.#####
....##...######......÷###.#......
....####.# #.....>.# #.#.....#
....# #.# #.......# #.#.###.#


There were no monsters in sight!

Vanquished Creatures
  the Royal Jelly (Slime:5)
  Frederick (Vaults:2)
  A dread lich (Zot:5)
  4 ancient liches
  8 orbs of fire
  2 juggernauts (Depths:2)
  Sojobo (Depths:4)
  Vv (Zot:3)
  2 Killer Klowns (Zot:5)
  5 curse toes
  Jory (Vaults:4)
  10 golden dragons
  Norris (Elf:1)
  Nikola (Swamp:4)
  3 electric golems
  A hellephant (Zot:1)
  3 doom hounds (Zot:3)
  An Ice Fiend (D:11)
  15 tentacled monstrosities
  A walking crystal tome (Depths:3)
  2 sphinxes
  A walking earthen tome (Depths:2)
  Asterion (Spider:4)
  24 Orb Guardians
  Grunn (Zot:3)
  3 deep elf blademasters (Elf:3)
  2 liches
  4 quicksilver dragons
  A deep elf master archer (Elf:3)
  25 acid blobs
  Agnes (D:14)
  A thorn hunter (Swamp:4)
  9 death cobs
  Kirke (D:13)
  4 tengu reavers
  15 azure jellies
  3 shadow dragons
  5 protean progenitors
  Aizul (Swamp:4)
  13 draconian knights
  9 storm dragons
  3 draconian monks (Zot:1)
  2 fenstrider witches (Swamp:4)
  3 deep elf sorcerers (Elf:3)
  9 rockslimes
  5 frost giants
  5 deep elf elementalists (Elf:3)
  6 emperor scorpions
  12 draconian shifters
  4 imperial myrmidons (Desolation)
  4 fire giants
  10 ghost moths
  13 vault wardens
  Louise (D:14)
  6 draconian scorchers
  15 draconian annihilators
  3 orc warlords
  13 ironbound preservers
  3 draconian stormcallers
  10 stone giants
  18 very ugly things
  2 formless jellyfish
  11 quicksilver oozes
  7 green draconians
  5 broodmothers
  3 deep elf demonologists
  9 eleionomae
  10 ironbound thunderhulks
  4 vampire knights
  5 bunyips
  11 dire elephants
  7 deep elf death magi
  6 deep elf annihilators
  10 black draconians
  7 yellow draconians
  3 war gargoyles
  Azrael (D:14)
  15 purple draconians
  19 white draconians
  8 spark wasps
  3 ettins
  Snorg (D:10)
  A green death (D:4)
  24 red draconians
  2 crystal guardians (Vaults:3)
  5 fire dragons
  A merfolk javelineer (Depths:3)
  4 entropy weavers
  2 rakshasas
  8 yaktaur captains
  4 deep elf high priests
  7 vault guards
  12 ice dragons
  9 servants of whispers (Desolation)
  3 ragged hierophants (Desolation)
  11 great orbs of eyes
  2 spriggan air magi
  17 centaur warriors
  8 peacekeepers
  17 ironbound frosthearts
  7 radroaches
  3 ogre magi
  13 hydras
  5 ghost crabs
  13 alligators
  2 jorogumos (Zot:2)
  10 two-headed ogres
  9 boulder beetles
  2 catoblepae
  29 dancing weapons
  7 deep troll shamans
  6 death yaks (IceCv)
  6 deep troll earth magi
  4 tengu warriors
  9 demonic crawlers
  3 orc high priests
  6 hell knights (Depths:1)
  2 vampire magi
  3 occultists
  3 spriggan berserkers
  A shock serpent (shapeshifter) (Depths:2)
  11 deep elf knights
  The ghost of topfpfpflanze the Destroyer, a novice OpCj of Vehumet (D:8)
  6 iron trolls
  A sixfirhy (Depths:2)
  5 goliath frogs
  13 skeletal warriors
  2 skysharks (Elf:1)
  11 pharaoh ants
  42 deep trolls
  3 glowing orange brains
  8 sun moths
  A mana viper (shapeshifter) (Depths:3)
  A death drake (Swamp:1)
  2 bog bodies
  3 flayed ghosts
  An obsidian statue (Elf:2)
  4 swamp dragons
  4 thermic dynamos
  6 arcanists
  7 steelbarb worms
  17 ironbound convokers
  12 deep elf archers
  24 deep elf pyromancers
  14 orb spiders
  23 deep elf zephyrmancers
  10 orc knights
  4 phantasmal warriors
  A necromancer (Vaults:1)
  9 lindwurms
  5 orc sorcerers
  2 harpies (shapeshifter)
  4 will-o-the-wisps
  A sphinx simulacrum (D:15)
  4 shining eyes
  18 wolf spiders
  3 manticores
  36 ugly things
  A tengu skeleton (Vaults:1)
  10 cyclopes
  42 moths of wrath
  A kobold blastminer (Orc:2)
  3 meliai (D:10)
  7 guardian serpents
  19 vault sentinels
  A black mamba (shapeshifter) (Elf:1)
  5 eyes of devastation
  7 torpor snails
  6 black mambas
  A gargoyle (D:14)
  18 cane toads
  6 rime drakes
  3 kobold demonologists
  An unseen horror (D:11)
  6 freezing wraiths
  2 komodo dragons (shapeshifter)
  A rime drake (shapeshifter) (Elf:1)
  12 komodo dragons
  5 tengu conjurers
  25 yaktaurs
  An elf skeleton (Vaults:1)
  4 trolls
  A yaktaur skeleton (Vaults:1)
  2 queen bees
  A troll (shapeshifter) (Elf:1)
  2 human skeletons (Vaults:1)
  A polar bear (shapeshifter) (D:15)
  11 polar bears
  40 saltlings (Desolation)
  6 glass eyes
  22 tyrant leeches
  24 tarantellas
  19 blink frogs
  21 hornets
  3 dream sheep (Zot:3)
  27 jumping spiders
  78 slime creatures
  A spectral black mamba (Lair:2)
  2 air elementals
  10 spriggans
  A spriggan (shapeshifter) (D:14)
  27 culicivoras
  4 wraiths
  18 wyverns
  9 water elementals
  77 yaks
  A spectral komodo dragon (Lair:2)
  5 fire elementals
  12 basilisks
  A steam dragon (D:10)
  2 humans (D:13)
  10 golden eyes
  3 hogs (D:13)
  5 swamp worm simulacra (Swamp:4)
  5 wargs
  58 redbacks
  24 swamp worms
  A swamp worm (shapeshifter) (Depths:4)
  4 vampire mosquitoes
  2 acid dragons
  4 hell hounds (D:14)
  13 hydra simulacra (Swamp:4)
  A water moccasin (shapeshifter) (D:15)
  A spectral torpor snail (Lair:2)
  16 water moccasins
  A swamp drake (Swamp:2)
  4 ice beasts
  23 orc warriors
  6 laughing skulls
  6 black bears
  3 sky beasts
  11 boggarts
  6 ogres
  25 wolves
  21 centaurs
  2 phantoms
  2 kobold brigands (D:11)
  13 bullfrogs
  3 gnoll sergeants
  5 scorpions
  A spectral water moccasin (Lair:2)
  An earth elemental (Elf:1)
  13 wights
  55 killer bees
  11 howler monkeys
  7 electric eels
  3 bombardier beetles
  20 orc priests
  A hound (D:4)
  9 jellies
  A sleepcap (D:4)
  22 orc wizards
  Natasha (thrice) (D:3)
  4 iguanas
  Robin (D:2)
  11 gnolls
  3 adders
  A white imp (D:5)
  3 swamp drake simulacra (Swamp:4)
  2 dart slugs
  2 ribbon worms
  51 orcs
  7 ball pythons
  9 endoplasms
  3 giant cockroaches (D:4)
  14 hobgoblins
  11 jackals
  3 quokkas
  2 bats
  2 frilled lizards (D:2)
  12 goblins
  5 kobolds
  4 rats
  2 aspiring fleshes
2272 creatures vanquished.

Vanquished Creatures (others)
  2 bloated husks
  A centaur (D:15)
  17 foxfires
20 creatures vanquished.

Grand Total: 2292 creatures vanquished

Notes
Turn   | Place    | Note
-------+----------+-------------------------------------------
     0 | D:1      | grothendieck the Coglin Gladiator began the quest for the
                  | Orb.
     0 | D:1      | Reached XP level 1. HP: 16/16 MP: 1/1
   194 | D:1      | Reached XP level 2. HP: 22/22 MP: 2/2
   832 | D:1      | Reached XP level 3. HP: 23/28 MP: 3/3
  1234 | D:2      | Found a faded altar of an unknown god.
  1258 | D:2      | Noticed Robin
  1393 | D:2      | Killed Robin
  1530 | D:2      | Reached XP level 4. HP: 33/34 MP: 4/4
  2136 | D:2      | Prayed at the altar of an unknown god.
  2136 | D:2      | Became a worshipper of Uskayaw the Reveller
  2136 | D:2      | Reached * piety under Uskayaw
  2346 | D:3      | Reached skill level 3 in Fighting
  2402 | D:3      | Found an ancient bone altar of Kikubaaqudgha.
  2402 | D:3      | Found a blossoming altar of Fedhas.
  2415 | D:3      | Reached ** piety under Uskayaw
  2478 | D:3      | Noticed Natasha
  2491 | D:3      | Killed Natasha
  2668 | D:3      | Noticed Natasha
  2698 | D:4      | Reached XP level 5. HP: 41/41 MP: 5/5
  2700 | D:4      | Noticed an air elemental
  2702 | D:4      | Found a stormy altar of Qazlal.
  2753 | D:3      | Killed Natasha
  2797 | D:4      | Found a glowing golden altar of the Shining One.
  2940 | D:4      | Reached skill level 5 in Maces & Flails
  2943 | D:4      | Reached XP level 6. HP: 46/48 MP: 6/6
  2943 | D:4      | Reached *** piety under Uskayaw
  2953 | D:4      | Found a hide-covered altar of Uskayaw.
  2990 | D:4      | Found a staircase to the Ecumenical Temple.
  3071 | D:4      | Found a snail-covered altar of Cheibriados.
  3118 | D:4      | Reached skill level 4 in Fighting
  3343 | D:4      | Noticed a black bear
  3347 | D:4      | Killed a black bear
  3415 | Temple   | Entered the Ecumenical Temple
  3606 | D:4      | Reached XP level 7. HP: 37/55 MP: 7/7
  3742 | D:4      | Noticed a fire elemental
  3746 | D:4      | Noticed a water elemental
  4089 | D:5      | Entered Level 5 of the Dungeon
  4767 | D:5      | Reached skill level 5 in Fighting
  5077 | D:6      | Reached skill level 1 in Invocations
  5401 | D:6      | Found Itithreil's General Store.
  5411 | D:6      | Reached XP level 8. HP: 62/62 MP: 7/9
  5436 | D:6      | Found Jocoq's Magic Scroll Boutique.
  5442 | D:6      | Found Xopicow's Armour Shoppe.
  5445 | D:6      | Found Ucoomiwu's Distillery.
  5448 | D:6      | Found Tunwakly's Distillery.
  5454 | D:6      | Bought a potion of heal wounds for 55 gold pieces
  5463 | D:6      | Bought a scroll of fog for 52 gold pieces
  5463 | D:6      | Bought a scroll of identify for 26 gold pieces
  5473 | D:6      | Bought a scroll of identify for 26 gold pieces
  5473 | D:6      | Bought a scroll of identify for 26 gold pieces
  6231 | D:7      | Identified the +11 mace of Insufficient Pleasure {flame,
                  | rN+ rCorr Int+2}
  6374 | D:7      | Reached skill level 6 in Fighting
  6516 | D:7      | Reached XP level 9. HP: 65/69 MP: 11/11
  6956 | D:7      | Found a hazy altar of Hepliaklqana.
  6997 | D:7      | Found a sparkling altar of Nemelex Xobeh.
  7000 | D:7      | Found a shimmering altar of Xom.
  7634 | D:3      | Noticed Natasha
  7641 | D:3      | Killed Natasha
  8076 | D:6      | Bought a potion of degeneration for 13 gold pieces
  8237 | D:6      | Reached skill level 1 in Armour
  8533 | D:6      | Bought a potion of curing for 39 gold pieces
  8533 | D:6      | Bought a potion of lignification for 39 gold pieces
  8639 | D:8      | Reached skill level 7 in Fighting
  8645 | D:8      | Found a staircase to the Lair.
  8843 | D:8      | Found Huepnur's Fire Supplies.
  8977 | D:8      | Reached **** piety under Uskayaw
  8979 | D:8      | Reached XP level 10. HP: 67/79 MP: 12/12
  8979 | D:8      | Reached ***** piety under Uskayaw
  8982 | D:8      | Reached skill level 10 in Maces & Flails
  9193 | D:8      | Reached skill level 8 in Fighting
  9203 | D:8      | Reached ****** piety under Uskayaw
  9799 | D:8      | Found a transporter.
  9804 | D:8      | Noticed a moth of wrath
  9807 | D:8      | Noticed topfpfpflanze's ghost (novice OpCj)
  9850 | D:8      | Found a transporter.
  9975 | D:9      | Noticed a two-headed ogre
 10199 | D:8      | Killed a two-headed ogre
 10200 | D:8      | Reached XP level 11. HP: 70/87 MP: 13/13
 10326 | D:9      | Reached skill level 5 in Armour
 10606 | D:9      | Found a shimmering blue altar of Sif Muna.
 10647 | D:9      | Reached skill level 9 in Fighting
 10858 | D:9      | Found a white marble altar of Elyvilon.
 10858 | D:9      | Found a broken altar of Ashenzari.
 11160 | D:10     | Entered Level 10 of the Dungeon
 11184 | D:10     | Found an iron altar of Okawaru.
 11188 | D:10     | Found an opulent altar of Gozag.
 11496 | D:10     | Found the +7 Kryia's mail coat {PotionHeal*2 rC+}
 11568 | D:10     | Noticed Snorg
 11637 | D:10     | Found a staircase to the Orcish Mines.
 12330 | Lair:1   | Entered Level 1 of the Lair of Beasts
 12958 | Lair:1   | Reached skill level 10 in Fighting
 12967 | Lair:1   | Reached XP level 12. HP: 78/97 MP: 14/14
 13843 | Lair:2   | Noticed a four-headed hydra
 13893 | Lair:2   | Noticed a boulder beetle
 13901 | Lair:2   | Killed a boulder beetle
 14452 | Lair:2   | Reached skill level 1 in Evocations
 15099 | Lair:2   | Reached skill level 5 in Invocations
 15557 | Lair:2   | Reached skill level 11 in Fighting
 15696 | Lair:2   | Reached XP level 13. HP: 80/106 MP: 16/16
 15853 | Lair:2   | Identified the amulet "Ziur" {Regen+ Dex+3}
 16265 | Lair:2   | You fall into a shaft and drop 2 floors!
 16370 | Lair:4   | Found a frozen archway.
 16415 | IceCv    | Entered an ice cave
 16542 | IceCv    | Reached skill level 5 in Evocations
 17707 | IceCv    | Reached skill level 15 in Maces & Flails
 17826 | IceCv    | Identified the +9 short sword "Amiug" {spect, rC+ rN+ Int-5
                  | Dex+2}
 19181 | Lair:3   | Reached skill level 12 in Fighting
 19181 | Lair:3   | Reached XP level 14. HP: 68/115 MP: 19/19
 19338 | Lair:2   | Acquired a recursive generator {rF+ rC+ Regen+ RegenMP+}
 19551 | Lair:3   | Found a hole to the Spider Nest.
 20427 | Lair:4   | Found a staircase to the Slime Pits.
 20427 | Lair:4   | Found a viscous altar of Jiyva.
 20980 | Lair:5   | Entered Level 5 of the Lair of Beasts
 21800 | Lair:5   | Paralysed by a hornet for 2 turns
 21940 | Lair:5   | Reached skill level 10 in Evocations
 22041 | Lair:5   | Found a broken altar of Ashenzari.
 22595 | Lair:2   | Found a staircase to the Swamp.
 22946 | D:11     | Identified the +1 long sword of Balance {freeze, rC+}
 23727 | D:11     | Reached XP level 15. HP: 63/120 MP: 22/22
 23884 | D:11     | Reached skill level 10 in Invocations
 24967 | Orc:1    | Entered Level 1 of the Orcish Mines
 25022 | Orc:1    | Found Hiapnimo's Jewellery Emporium.
 25157 | Orc:1    | Found a radiant altar of Vehumet.
 25301 | Orc:2    | Entered Level 2 of the Orcish Mines
 25615 | Orc:2    | Noticed an orc warlord
 25659 | Orc:1    | Killed an orc warlord
 25911 | Orc:2    | Reached skill level 13 in Fighting
 25914 | Orc:2    | Found a roughly hewn altar of Beogh.
 25918 | Orc:2    | Found Afooroett's General Store.
 26381 | Orc:2    | Found Ocarchor's Book Boutique.
 26422 | Orc:2    | Found Kuuroum's Antique Weapon Boutique.
 26444 | Orc:2    | Found Dyoriuq's Antique Armour Boutique.
 26508 | Orc:2    | Bought a distressingly furry helmet for 275 gold pieces
 26508 | Orc:2    | Identified the +0 helmet of Violets {rElec Will+ rCorr}
                  | (You bought it in a shop on level 2 of the Orcish Mines)
 26540 | Orc:2    | Found a staircase to the Elven Halls.
 26634 | Orc:2    | Found Wobba's General Store.
 26656 | Orc:2    | Found a roughly hewn altar of Beogh.
 26784 | Orc:2    | Bought a runed cloak for 217 gold pieces
 27135 | D:13     | Noticed Kirke
 28258 | D:13     | Found a gate to the Vaults.
 28288 | D:13     | Reached skill level 10 in Armour
 28358 | D:14     | Noticed Agnes
 28411 | D:13     | Killed Kirke
 28412 | D:13     | Reached skill level 14 in Fighting
 28519 | D:14     | Noticed Louise
 28615 | D:14     | Killed Agnes
 28616 | D:14     | Reached XP level 16. HP: 90/133 MP: 23/23
 28736 | D:15     | Entered Level 15 of the Dungeon
 29296 | D:14     | Killed Louise
 29912 | D:15     | Identified the +5 great sword of the Empty Page {freeze,
                  | rF+ Dex+3}
 30568 | D:14     | Reached skill level 5 in Throwing
 30594 | D:14     | Noticed Azrael
 30607 | D:14     | Killed Azrael
 30805 | D:15     | Reached skill level 15 in Fighting
 31268 | D:15     | Found a staircase to the Depths.
 31376 | D:15     | Learned a level 2 spell: Blink
 31378 | D:15     | Learned a level 1 spell: Apportation
 31640 | Swamp:1  | Entered Level 1 of the Swamp
 32500 | Swamp:1  | Reached XP level 17. HP: 119/143 MP: 24/24
 32934 | Swamp:2  | Reached skill level 5 in Dodging
 33034 | Swamp:2  | Reached skill level 16 in Fighting
 35134 | Swamp:4  | Entered Level 4 of the Swamp
 35400 | Swamp:4  | Reached skill level 17 in Fighting
 35476 | Swamp:4  | Noticed Nikola
 35496 | Swamp:4  | Killed Nikola
 35562 | Swamp:4  | Identified the serpent talisman of Action {rF+ rN++ Str-4
                  | Dex+2}
 35562 | Swamp:4  | Noticed Aizul
 35580 | Swamp:4  | Killed Aizul
 36820 | Swamp:4  | Got a decaying rune of Zot
 37312 | D:8      | Killed topfpfpflanze's ghost
 37313 | D:8      | Reached XP level 18. HP: 120/155 MP: 25/25
 37483 | D:10     | Killed Snorg
 38025 | D:14     | Identified the +3 buckler of Fortitude {rPois rF+ rCorr}
 38340 | Spider:1 | Entered Level 1 of the Spider Nest
 38449 | Spider:1 | Reached skill level 18 in Fighting
 42689 | Spider:3 | Reached XP level 19. HP: 131/165 MP: 26/26
 43163 | Spider:4 | Entered Level 4 of the Spider Nest
 43210 | Spider:4 | Noticed Asterion
 43391 | Spider:3 | Reached skill level 19 in Fighting
 43681 | Vaults:1 | Entered Level 1 of the Vaults
 44214 | Vaults:1 | Paralysed by a formless jellyfish for 1 turns
 45089 | Vaults:1 | Found Ininikk's Antique Weapon Emporium.
 45155 | Vaults:1 | Identified the +0 long sword "Yderella" {freeze, rF+ Str+2
                  | Int-4}
 45823 | Vaults:2 | Found a crumbling gateway.
 45847 | Desolati | Entered the Desolation of Salt
 46327 | Desolati | Identified the +5 war axe "Uladoses" {spect, rN+ Str+3}
 46331 | Desolati | Identified the ring of Iptuiz {MP+9 EV+5 Str-3 Int+4}
 46339 | Desolati | Identified the +4 rapier of the Vaults {freeze, Will-
                  | Int+4}
 46343 | Desolati | Identified the +0 robe "Raazxua" {Fly rPois Stlth-
                  | Archmagi}
 46969 | Desolati | Identified the +0 great sword of Terror {holy, *Noise rElec
                  | rC++}
 46986 | Desolati | Identified the ring "Wiapyrum" {rPois rF++}
 47204 | Desolati | Reached skill level 20 in Fighting
 47348 | Desolati | Reached skill level 10 in Dodging
 47454 | Desolati | Identified the +0 short sword of Cohufebyph {flame, rN++}
 47477 | Desolati | Identified the +5 sling "Genor" {antimagic, +Blink Str+2}
 47645 | Vaults:2 | Reached XP level 20. HP: 176/176 MP: 28/28
 47811 | Vaults:2 | Mennas?
 48000 | Vaults:2 | Found Tottif's Armour Boutique.
 48119 | Vaults:2 | Found a staircase to the Crypt.
 48660 | Vaults:2 | Identified the +6 mace of Valiance {venom, *Corrode rC+
                  | Int+6 Stlth+}
 48796 | Vaults:3 | Noticed Bai Suzhen
 49032 | Vaults:2 | Identified the orb "Hero's Friend" {light, *Corrode +Blink
                  | rElec Fire}
 49032 | Vaults:2 | Noticed Frederick
 49045 | Vaults:2 | Killed Frederick
 49095 | Vaults:2 | Found Aropp's General Store.
 49103 | Vaults:2 | Bought 2 curare-tipped darts for 28 gold pieces
 49561 | Vaults:3 | Noticed an ancient lich
 50065 | Vaults:4 | Noticed Jory
 50077 | Vaults:4 | Killed Jory
 50162 | Vaults:4 | Reached skill level 21 in Fighting
 50225 | Vaults:3 | Identified the +2 great sword "Ruarrad" {drain, rF+++
                  | Int-3}
 50232 | Vaults:4 | Reached skill level 15 in Armour
 50838 | Vaults:4 | Reached XP level 21. HP: 48/186 MP: 30/30
 51379 | Vaults:4 | Paralysed by a formless jellyfish for 1 turns
 52467 | Elf:1    | Entered Level 1 of the Elven Halls
 52549 | Elf:1    | Noticed Norris
 52733 | Depths:1 | Entered Level 1 of the Depths
 52854 | Depths:1 | Found a one-way gate to the infinite horrors of the Abyss.
 52880 | Depths:1 | You fall into a shaft and drop 1 floor!
 52880 | Depths:2 | Found an iron altar of Okawaru.
 53014 | Depths:2 | Found a gateway to Hell.
 53334 | D:15     | Reached skill level 22 in Fighting
 54220 | Depths:1 | Found a runed translucent door.
 54357 | Depths:2 | Found a one-way gate leading to the halls of Pandemonium.
 54628 | Depths:2 | Noticed a juggernaut
 54644 | Depths:2 | Killed a juggernaut
 54772 | Depths:2 | Noticed a juggernaut
 54785 | Depths:2 | Killed a juggernaut
 54957 | Depths:2 | Reached XP level 22. HP: 98/198 MP: 31/31
 55241 | Depths:2 | Identified the +0 pair of boots of the Volcano {rF+ Dex+2}
 55818 | D:6      | Bought a scroll of teleportation for 39 gold pieces
 55818 | D:6      | Bought a scroll of teleportation for 39 gold pieces
 55818 | D:6      | Bought a scroll of teleportation for 39 gold pieces
 55833 | D:6      | Bought a potion of heal wounds for 75 gold pieces
 55833 | D:6      | Bought a potion of heal wounds for 75 gold pieces
 55833 | D:6      | Bought a potion of heal wounds for 75 gold pieces
 55833 | D:6      | Bought 2 potions of heal wounds for 150 gold pieces
 55833 | D:6      | Bought a potion of enlightenment for 75 gold pieces
 55845 | D:6      | Bought a potion of haste for 110 gold pieces
 55845 | D:6      | Bought a scroll of silence for 104 gold pieces
 55860 | D:6      | Bought a potion of mutation for 104 gold pieces
 55992 | Orc:2    | Bought a potion of mutation for 120 gold pieces
 56047 | Elf:1    | Killed Norris
 56409 | Elf:1    | Found Rantips's Antique Armour Emporium.
 56468 | Elf:1    | Paralysed by an air elemental for 1 turns
 56625 | Elf:1    | Found Zasottud's General Store.
 56628 | Elf:1    | Found Deadi's Antique Weapon Emporium.
 56630 | Elf:1    | Found Zoisesiw's Distillery.
 57175 | Elf:2    | Reached skill level 10 in Throwing
 57226 | Elf:2    | Found a runed translucent gate.
 57226 | Elf:2    | Found a runed translucent gate.
 57226 | Elf:2    | Found a runed translucent gate.
 57346 | Elf:2    | Found a flickering gateway to a bazaar.
 57357 | Bazaar   | Entered a bazaar
 57357 | Bazaar   | Found Voatuocs's Book Shoppe.
 57357 | Bazaar   | Found Zurel's Weapon Shop.
 57360 | Bazaar   | Found Aliehymm's Armour Emporium.
 57360 | Bazaar   | Found Sotz's General Store.
 57415 | Bazaar   | Bought the +5 morningstar of the Final Decision {venom, Fly
                  | rPois} for 732 gold pieces
 57419 | Bazaar   | Bought a +2 cloak of poison resistance for 259 gold pieces
 57431 | Bazaar   | Bought a scroll of fog for 56 gold pieces
 57434 | Bazaar   | Bought the +7 captain's cutlass {speed, disarm} for 918
                  | gold pieces
 57434 | Bazaar   | Found the +7 captain's cutlass {speed, disarm}
 57488 | Elf:2    | Identified the +4 falchion of Kubuh {freeze, ^Contam Fly
                  | rN+ SInv}
 57763 | Elf:3    | Entered Level 3 of the Elven Halls
 58381 | Elf:3    | Reached skill level 23 in Fighting
 58781 | Elf:3    | Identified the +1 battleaxe "Waarph" {antimagic, *Noise
                  | rElec rC+ rCorr}
 59035 | Elf:3    | Identified the +1 leather armour "Jiucsias" {Will+ Stlth+}
 59035 | Elf:3    | Identified the ring of Ryqev {Wiz rN++ Int+4 Stlth-}
 59130 | Elf:3    | Identified the ring of Waryru Vici {Wiz rF+ rC- Slay+3
                  | Stlth+}
 59198 | Elf:3    | Identified the +0 buckler "Upiot" {rElec Stlth+}
 59198 | Elf:3    | Identified the ring "Zikunung" {*Slow rPois Str+4 Int+6}
 59384 | Elf:3    | Identified the +0 ring mail of Winter {Fly Will+ Int+5}
 59390 | Elf:3    | Identified the +0 chain mail "Dagric" {Slay+2}
 59392 | Elf:3    | Got the Vellum of Formation
 59410 | Elf:3    | Identified the +6 falchion of Wisdom {flame, rElec rCorr}
 60629 | Spider:4 | Killed Asterion
 60766 | Spider:3 | Reached XP level 23. HP: 207/207 MP: 33/33
 60769 | Spider:4 | Noticed Arachne
 60772 | Spider:4 | Arachne changed into Arachne the stone giant
 60772 | Spider:4 | Noticed Arachne
 60781 | Spider:3 | Killed Arachne the stone giant
 61958 | Spider:4 | Identified the scarf of the Bagpipe {+Inv, Slay+3}
 61966 | Spider:4 | Got a gossamer rune of Zot
 62673 | D:6      | Bought a potion of lignification for 39 gold pieces
 63018 | Vaults:3 | Bai Suzhen changed into Bai Suzhen the red draconian
 63018 | Vaults:3 | Noticed Bai Suzhen
 63022 | Vaults:3 | Killed Bai Suzhen the red draconian
 63581 | Vaults:3 | Killed an ancient lich
 63969 | Vaults:3 | Identified the ring "Owyjail" {rElec AC+4}
 64004 | Vaults:3 | Identified the +0 pair of boots of Day {rN+}
 64005 | Vaults:3 | Identified the staff "Vieciek" {Int+2 Dex+3 Conj}
 64488 | Depths:3 | Found Uphylyr's Distillery.
 64507 | Depths:3 | Bought a potion of cancellation for 168 gold pieces
 64636 | Depths:3 | Reached skill level 24 in Fighting
 64732 | Depths:3 | Found Qadienal's Assorted Antiques.
 64910 | Depths:3 | Found Gofulaon's Antique Armour Emporium.
 64923 | Depths:3 | Found Ceithoh's Magic Scroll Shoppe.
 65177 | Depths:3 | Identified the +2 leather armour of Action {-Tele rPois
                  | rF+++ Str-3}
 65337 | Depths:3 | Reached XP level 24. HP: 217/217 MP: 33/33
 65774 | Depths:4 | Entered Level 4 of the Depths
 65821 | Depths:4 | Found a one-way gateway to a ziggurat.
 65940 | Depths:4 | Noticed Sojobo
 66065 | Depths:4 | Identified the +10 halberd of Ywuvot {antimagic, rC+ Int+3}
 66110 | Depths:4 | Found a broken altar of Ashenzari.
 66787 | Depths:4 | Found a gate to the Realm of Zot.
 66873 | Depths:4 | Killed Sojobo
 67032 | Depths:4 | Identified the +0 leather armour of Dishonour {Regen+ MP+9
                  | SInv}
 67528 | Slime:1  | Entered Level 1 of the Pits of Slime
 67847 | Slime:3  | Found a viscous altar of Jiyva.
 68133 | Slime:5  | Entered Level 5 of the Pits of Slime
 68141 | Slime:5  | Reached skill level 15 in Evocations
 68576 | Slime:5  | Identified a scroll of acquirement
 68701 | Slime:5  | Found the +8 trishula "Condemnation" {holy, anguish, *Noise
                  | Fly rN+}
 69059 | Slime:5  | Noticed the Royal Jelly
 69423 | Slime:5  | Reached skill level 15 in Invocations
 69490 | Slime:5  | Found a viscous altar of Jiyva.
 69645 | Slime:5  | Killed the Royal Jelly
 70189 | Slime:5  | Got the Handbook of the Snowy Boulder
 70201 | Slime:5  | Identified the +4 scale mail "Etai" {+Blink}
 70371 | Slime:5  | Identified the +6 falchion of Ocimo {protect, Str+3}
 70376 | Slime:5  | Identified the +0 pair of gloves of Utaon {Regen+ Int+4}
 70413 | Slime:5  | Identified the +5 scale mail of the Doldrums {rPois rN++}
 70492 | Slime:5  | Identified the +0 pair of gloves "Wure Vea" {rN++ Str-2}
 70516 | Slime:5  | Identified the +1 ring mail "Puticug" {rPois Str+5 Int+3}
 70582 | Slime:5  | Got a slimy rune of Zot
 70583 | Slime:5  | Identified the storm talisman of Bad Feelings {Will- MP+9
                  | Str+3}
 70591 | Slime:5  | Identified the +9 war axe of Fimbulwinter {antimagic, Str+5
                  | SInv Stlth-}
 70593 | Slime:5  | Identified the ring "Vaipyagg" {rF+ rN++ Slay+2}
 70597 | Slime:5  | Identified the ring of Zutymno {rElec rC++ MP+9 Str-5
                  | Dex+3}
 70640 | Slime:5  | Identified the amulet "Weyjef" {RegenMP+ SInv}
 70771 | Lair:4   | Acquired the +4 demon whip "Zuzerifi" {drain, rElec rF+++}
 71424 | Zot:1    | Entered Level 1 of the Realm of Zot
 71480 | Zot:1    | Found the +4 dragonskin cloak
 71480 | Zot:1    | Noticed Tiamat
 71501 | Zot:1    | Reached XP level 25. HP: 217/225 MP: 34/34
 71558 | Zot:1    | Learned a level 3 spell: Swiftness
 71684 | Zot:1    | Reached skill level 1 in Air Magic
 72780 | Zot:1    | Noticed an orb of fire
 72782 | Zot:1    | Noticed an orb of fire
 72786 | Zot:1    | Gained mutation: Your flesh is cold resistant. (rC+) [an
                  | orb of fire]
 72796 | Zot:1    | Killed an orb of fire
 72801 | Zot:1    | Gained mutation: You are weak. (Str -2) [an orb of fire]
 72809 | Zot:1    | Killed an orb of fire
 73070 | Zot:1    | Found the +11 Singing Sword {sonic wave}
 73080 | Zot:1    | Identified the +0 fire dragon scales of Modesty {rElec
                  | rPois rF++ rC-}
 73097 | Zot:1    | Found a faded altar of an unknown god.
 73179 | Zot:1    | Reached skill level 25 in Fighting
 73218 | Zot:2    | Noticed an orb of fire
 73372 | Zot:2    | Reached skill level 1 in Translocations
 74226 | Zot:2    | Reached skill level 5 in Air Magic
 74735 | Zot:2    | Noticed an orb of fire
 74755 | Zot:2    | Gained mutation: You are frail. (-10% HP) [an orb of fire]
 74757 | Zot:2    | Gained mutation: You do not regenerate when monsters are
                  | visible. [an orb of fire]
 74760 | Zot:2    | Killed an orb of fire
 74800 | Zot:1    | Lost mutation: Your flesh is cold resistant. (rC+) [potion
                  | of mutation]
 74800 | Zot:1    | Lost mutation: You are weak. (Str -2) [potion of mutation]
 74800 | Zot:1    | Gained mutation: You are partially covered in iridescent
                  | scales. (AC +2) [potion of mutation]
 74800 | Zot:1    | Gained mutation: You expend magic power (3 MP) to
                  | strengthen your wands. [potion of mutation]
 74800 | Zot:1    | Gained mutation: You are agile. (Dex +4, Str/Int -1)
                  | [potion of mutation]
 74800 | Zot:1    | Gained mutation: Your mind is acute. (Int +4, Str/Dex -1)
                  | [potion of mutation]
 74801 | Zot:1    | Lost mutation: You expend magic power (3 MP) to strengthen
                  | your wands. [potion of mutation]
 74801 | Zot:1    | Lost mutation: Your mind is acute. (Int +4, Str/Dex -1)
                  | [potion of mutation]
 74801 | Zot:1    | Lost mutation: You are frail. (-10% HP) [potion of
                  | mutation]
 74801 | Zot:1    | Gained mutation: You are very agile. (Dex +8, Str/Int -2)
                  | [potion of mutation]
 74802 | Zot:1    | Lost mutation: You are very agile. (Dex +8, Str/Int -2)
                  | [potion of mutation]
 74802 | Zot:1    | Lost mutation: You do not regenerate when monsters are
                  | visible. [potion of mutation]
 74802 | Zot:1    | Lost mutation: You are agile. (Dex +4, Str/Int -1) [potion
                  | of mutation]
 75200 | Zot:2    | Killed an orb of fire
 75201 | Zot:2    | Reached XP level 26. HP: 199/235 MP: 34/34
 75731 | Zot:3    | Reached skill level 5 in Translocations
 75869 | Zot:3    | Noticed an orb of fire
 75894 | Zot:3    | Killed an orb of fire
 76193 | Zot:3    | Noticed Grunn
 76222 | Zot:3    | Killed Grunn
 76747 | Zot:3    | Noticed Vv
 76770 | Zot:3    | Killed Vv
 76963 | Zot:4    | Identified the ring "Naid" {rF+ Will+ Str+4}
 77236 | Zot:4    | Found a runed translucent gate.
 77237 | Zot:4    | Found a runed translucent gate.
 77237 | Zot:4    | Found a runed translucent gate.
 77237 | Zot:4    | Found an opulent altar of Gozag.
 77237 | Zot:4    | Found Yttokun's Assorted Antiques.
 77238 | Zot:4    | Noticed Befigh's ghost (legendary HOFi)
 77275 | Zot:4    | Noticed an orb of fire
 77783 | Zot:4    | Gained mutation: You occasionally lose the ability to drink
                  | potions when taking damage. [an orb of fire]
 77785 | Zot:4    | Gained mutation: Your spells are a little easier to cast,
                  | but a little less powerful. [an orb of fire]
 77793 | Zot:4    | Killed an orb of fire
 78081 | Zot:5    | Entered Level 5 of the Realm of Zot
 78259 | Zot:5    | Noticed an ancient lich
 79919 | Zot:5    | Noticed an orb of fire
 79933 | Zot:5    | Gained mutation: You are weak. (Str -2) [an orb of fire]
 79935 | Zot:5    | Killed an orb of fire
 79937 | Zot:5    | Noticed a Killer Klown
 79944 | Zot:5    | Killed a Killer Klown
 79999 | Zot:5    | Reached XP level 27. HP: 244/244 MP: 34/34
 80188 | Zot:5    | Reached skill level 15 in Dodging
 80196 | Zot:5    | Killed an ancient lich
 80197 | Zot:5    | Reached skill level 26 in Fighting
 80364 | Zot:5    | Noticed an ancient lich
 80547 | Zot:5    | Noticed an ancient lich
 80558 | Zot:5    | Killed an ancient lich
 80792 | Zot:5    | Killed an ancient lich
 81131 | Depths:3 | Bought a scroll of silence for 133 gold pieces
 81131 | Depths:3 | Bought a scroll of teleportation for 42 gold pieces
 81131 | Depths:3 | Bought a scroll of fear for 56 gold pieces
 81191 | Depths:3 | Bought 2 potions of cancellation for 336 gold pieces
 81191 | Depths:3 | Bought a potion of haste for 210 gold pieces
 81277 | Depths:3 | Bought a potion of mutation for 256 gold pieces
 81984 | Zot:5    | Noticed a dread lich
 81992 | Zot:5    | Killed a dread lich
 82238 | Zot:5    | Noticed an orb of fire
 82239 | Zot:5    | Gained mutation: You are dopey. (Int -2) [an orb of fire]
 82247 | Zot:5    | Gained mutation: You occasionally lose the ability to read
                  | scrolls when taking damage. [an orb of fire]
 82252 | Zot:5    | Killed an orb of fire
 82256 | Zot:5    | Lost mutation: You are weak. (Str -2) [potion of mutation]
 82256 | Zot:5    | Lost mutation: You occasionally lose the ability to drink
                  | potions when taking damage. [potion of mutation]
 82256 | Zot:5    | Lost mutation: You are partially covered in iridescent
                  | scales. (AC +2) [potion of mutation]
 82256 | Zot:5    | Gained mutation: You have a pair of small horns on your
                  | head. [potion of mutation]
 82256 | Zot:5    | Gained mutation: You have hidden genetic potential. [potion
                  | of mutation]
 82257 | Zot:5    | Lost mutation: You are dopey. (Int -2) [potion of mutation]
 82257 | Zot:5    | Lost mutation: You have a pair of small horns on your head.
                  | [potion of mutation]
 82257 | Zot:5    | Gained mutation: Your mind is acute. (Int +4, Str/Dex -1)
                  | [potion of mutation]
 82258 | Zot:5    | Lost mutation: You occasionally lose the ability to read
                  | scrolls when taking damage. [potion of mutation]
 82258 | Zot:5    | Lost mutation: You have hidden genetic potential. [potion
                  | of mutation]
 82258 | Zot:5    | Lost mutation: Your spells are a little easier to cast, but
                  | a little less powerful. [potion of mutation]
 82258 | Zot:5    | Gained mutation: Your flesh is heat resistant. (rF+)
                  | [potion of mutation]
 82258 | Zot:5    | Gained mutation: You possess an exceptional clarity of
                  | mind. [potion of mutation]
 82345 | Zot:5    | Noticed an ancient lich
 82346 | Zot:5    | Got the Orb of Zot
 82833 | D:4      | Noticed Uvyntues the pandemonium lord
 82939 | D:$      | Escaped with the Orb!

Illustrated notes

......).................
#####)##################
...........#
...........#
####.####..#########
#).###..#..#.......#
#.[.....#..#.......#
###...###..#.......#
..#...#....')...@..#
.##..?###..#.......#
........#..#.......#
#....#..#..#.......#
##.........#.......#
...........#########
...........#
############


Turn 47811 on Vaults:2: Mennas?

Levels and vault maps discovered:
D:1:      dpeg_arrival_round_b, layout_basic
D:2:      layout_loops_cross, basic_ecumenical_altar, uniq_robin
D:3:      layout_basic, grunt_temple_overflow_growth_and_decay,
          minmay_misc_feat_columns, minmay_goblin_kobold_house, uniq_natasha
D:4:      layout_basic, eat_drink_and_be_merry_uskayaw, slow_altar_2,
          mainiacjoe_overflow_cross_hatched, nicolae_qazlal_style_of_elements,
          minmay_temple_entry_overgrown, serial_park_tiny_pond, lightli_minifort
D:5:      layout_basic, minmay_holes
D:6:      layout_basic, nicolae_shop_national_dungeon_mall,
          chequers_serial_rivers_large_a
D:7:      layout_loops_ring, minmay_overflow_temple_star_quad,
          hangedman_decor_peaks_small
D:8:      layout_loops_ring, minmay_lair_entry_grove,
          gammafunk_ghost_berserking_beasts, nicolae_shop_fire_sale
          [nicolae_sub_dead_trees]
D:9:      layout_basic, overflow_temple_1_default,
          nicolae_overflow_two_pavilions, dreamdust_princess_corridor
D:10:     layout_loops_ring, nicolae_overflow_hidden_temple, orc_0_dummy,
          uniq_snorg
D:11:     regret_index_combs_of_tragedy, layout_basic
D:12:     layout_basic
D:13:     kennysheep_scales, layout_small_grid, hellmonk_vaults_keyhole,
          uniq_kirke
D:14:     kennysheep_windowed_halls, layout_long_grid,
          chequers_serial_rivers_room_a, nrook_guardian_serpent_double,
          uniq_louise, uniq_agnes, uniq_azrael
D:15:     hellmonk_depths_entry_around_the_bend, layout_loops_ring,
          hangedman_abyss_or_decor_jellyfish_corner, minmay_pinched_square
Temple:   hellmonk_temple_forest_ring
Lair:1:   layout_cave_pods, special_room [special_room_bee]
Lair:2:   beast_lair_carwin_large_2, layout_chaotic_city,
          nicolae_swamp_entry_spooky, pdpol_lair_cavern_descent,
          serial_bayou_shore_b, infiniplex_staircase_pool, grunt_megastairs_5
Lair:3:   layout_chaotic_city, nicolae_spider_entry_lesser_pyramids,
          serial_bayou_shore_b, infiniplex_staircase_pool_2, lemuel_fruit_tree,
          serial_bayou_shore_a, grunt_megastairs_2
Lair:4:   layout_cellular_growth, nicolae_slime_entry_slimehenge,
          portal_ice_cave_entry_pillars_2, minivault_19
Lair:5:   hangedman_lair_tendril_chambers, layout_loops_ring, basic_altar
Swamp:1:  layout_basic_swamp, evilmike_swamp_ruin_rubble_2, swamp_pool_4
Swamp:2:  layout_basic_swamp, evilmike_swamp_ruin_house_6, swamp_pool_1_2,
          nicolae_swamp_vermiculated
Swamp:3:  layout_basic_swamp, evilmike_swamp_ruin_house_1, swamp_pool_1_2
Swamp:4:  swamp_icy, layout_basic_swamp, swamp_pool_1_2, uniq_nikola, uniq_aizul
Spider:1: layout_spider_delve
Spider:2: layout_chambers, hangedman_spider_tarantella_strand
Spider:3: layout_spider_delve, nicolae_spider_solar_radiation
Spider:4: spider_rune_water, drop_trap, uniq_arachne, uniq_asterion
Slime:1:  cheibrodos_slime_lost_civilization_2, layout_caves
Slime:2:  layout_caves, nicolae_slime_barrier
Slime:3:  layout_caves, basic_altar
Slime:4:  layout_caves
Slime:5:  slime_pit_nicolae_inversion
Orc:1:    layout_diamond_mine, serial_shops, nicolae_shop_tiny_statue_garden,
          basic_altar
Orc:2:    grunt_orc_cross, layout_caves, serial_shops, shop, basic_altar
Elf:1:    elf_arrival_002, layout_gridlike, serial_shops,
          nicolae_shop_real_fake_doors, nicolae_elf_shapeshifter_party,
          serial_sigils_hangedman_snap, nicolae_elf_m_pinch,
          statue_in_the_mist_lemuel, minmay_shop_star, uniq_norris
Elf:2:    elven_hall_of_blades_hangedman_original
          [nicolae_blade_entry_sentries_behind_glass], layout_rooms,
          serial_shops, statue_bzr, nicolae_elf_variegated_diamond
Elf:3:    minmay_elf_hall_statues, layout_loops_cross
Vaults:1: ontoclasm_vaults_ring_small, nicolae_vaults_meiosis,
          nicolae_vaults_tangram_2, vaults_mumra_hex,
          nicolae_vaults_network_barrier, vaults_dpeg_spiral, v_misc_30,
          vaults_room_door_hall, nicolae_vaults_tetromino_T_2,
          vaults_room_pools, layout_vaults_quadrants, serial_shops, shop
Vaults:2: portal_desolation_entry_ruin, nicolae_vaults_two_Ls,
          nicolae_vaults_yaktaur_gun_rack, hangedman_vaults_cutoff,
          minmay_crypt_entry_simple_walls,
          nicolae_vaults_taking_the_gang_shopping, vaults_dpeg_hooks,
          nicolae_vaults_three_branches, hangedman_vaults_pinch,
          nicolae_vaults_murder_corner, serial_library_hellmonk_reading_circle,
          nicolae_vaults_little_squares_5, hangedman_vaults_slice, v_misc_24,
          layout_vaults_ring, serial_shops, nicolae_shop_peninsula,
          uniq_frederick
Vaults:3: hangedman_vaults_capsules, nicolae_vaults_apartment_1,
          nicolae_vaults_storing_the_good_stuff, nicolae_vaults_tetromino_L_1,
          nicolae_vaults_tetromino_L_1, v_misc_29, vaults_mumra_hexcomb,
          hangedman_vaults_maws, hangedman_vaults_restitches, v_rooms_5,
          nicolae_vaults_apartment_1, ontoclasm_vaults_ligature,
          layout_vaults_maze_bifur, uniq_bai_suzhen
Vaults:4: vaults_room_grid, nicolae_vaults_closet_pinwheel_4, v_misc_31,
          nicolae_vaults_offset_grid_hallway_1, nicolae_vaults_sesquioval_fish,
          v_alt_pattern_4, nicolae_vaults_double_plus_2,
          nicolae_vaults_tetromino_Z_2, vaults_room_grid,
          nicolae_vaults_frosty_reception, v_alt_pattern_6,
          nicolae_vaults_sightless_eye, layout_vaults_big_room, uniq_jory
Depths:1: layout_honeycomb, abyss_entry, minmay_stone_trees_small,
          grunt_metal_band, minmay_misc_feat_iff, kennysheep_treasure_room
Depths:2: kennysheep_water_balloons, layout_cross, rand_demon_pan_entry_7,
          okawaru_ov_weapons_minmay, hell_entry, minivault_21
Depths:3: minmay_the_grid_four_pointed_star
          [minmay_the_grid_triangle_9x9_minimal,
          minmay_the_grid_triangle_9x9_longest,
          minmay_the_grid_triangle_9x9_odd_lines,
          minmay_the_grid_triangle_9x9_negative_grid,
          minmay_the_grid_prize_four_corners], layout_basic, abyss_entry,
          hell_entry, kennysheep_donut, serial_shops, shop,
          nicolae_shop_waterfront, nicolae_stop_n_shop_2,
          nicolae_shop_advertising_works [nicolae_subvault_shop_adworks],
          infiniplex_staircase_pillars_1
Depths:4: grunt_zot_entry_bicorn, layout_gridlike, enter_ziggurat_d,
          nicolae_abyss_entry_one_way_or_another, hell_entry,
          evilmike_ruin_ashenzari, uniq_sojobo
Zot:1:    regret_index_infernal_bastille, layout_gridville, skrybe_zot_glass_1,
          uniq_tiamat
Zot:2:    layout_misc_corridors, st_stairs_2, regret_index_zotdec_banners
Zot:3:    layout_gridlike, skrybe_zot_glass_3, grunt_megastairs_4, uniq_grunn,
          uniq_vv
Zot:4:    layout_misc_corridors, regret_index_zotdec_tunneler,
          ebering_ghost_gozag
Zot:5:    layout_gridlike, guppyfry_library_mini

Skill      XL: |  1  2  3  4  5  6  7  8  9 10 11 12 13 14 15 16 17 18 19 20 21 22 23 24 25 26 27 |
---------------+----------------------------------------------------------------------------------+-----
Maces & Flails | 3 4 5 7 8 9 11 12 14 15 16 | 16.0
Fighting       | 3 4 5 6 7 8 10 11 12 14 15 17 18 20 21 22 23 24 25 26 | 26.3
Invocations    | 1 3 5 6 9 10 11 12 13 15 | 15.8
Armour         | 2 4 6 7 10 11 12 13 14 15 16 17 18 19 20 | 20.0
Evocations     | 4 7 10 13 15 | 15.0
Throwing       | 2 5 6 8 9 10 | 10.5
Dodging        | 4 7 8 10 12 13 14 15 | 15.0
Air Magic      | 5 8 9 |  9.8
Translocations | 4 6 8 |  8.4

Action                     |  1- 3 |  4- 6 |  7- 9 | 10-12 | 13-15 | 16-18 | 19-21 | 22-24 | 25-27 || total
---------------------------+-------+-------+-------+-------+-------+-------+-------+-------+-------++-------
  Melee: Flail             |    79 |    82 |    81 |       |       |       |       |       |       ||   242
         Dagger            |    23 |       |       |       |       |       |       |       |       ||    23
         Short sword       |    43 |       |       |       |       |       |       |       |       ||    43
         Trident           |     5 |    94 |   110 |       |       |       |       |       |       ||   209
         Mace              |       |       |    85 |   325 |   916 |  1195 |  1266 |  1020 |       ||  4807
         War axe           |       |       |    24 |       |       |       |       |       |       ||    24
         Morningstar       |       |       |    50 |   309 |   878 |  1177 |  1260 |     8 |       ||  3682
         Eveningstar       |       |       |       |       |       |       |       |  1143 |  1069 ||  2212
         Cutlass           |       |       |       |       |       |       |       |    25 |       ||    25
         Demon whip        |       |       |       |       |       |       |       |    21 |  1016 ||  1037
  Throw: Stone             |       |       |     1 |       |       |       |       |       |       ||     1
         Throwing net      |       |       |       |     1 |       |       |       |       |       ||     1
         Boomerang         |       |       |       |       |     6 |       |     3 |       |       ||     9
         Javelin           |       |       |       |       |     3 |       |       |    16 |    10 ||    29
         Dart              |       |       |       |       |     1 |    10 |     8 |       |       ||    19
   Cast: Apportation       |       |       |       |       |       |       |       |       |     8 ||     8
 Invoke: Stomp             |       |       |     1 |     2 |     5 |     6 |     8 |     4 |       ||    26
         Line Pass         |       |       |       |       |     5 |     2 |     3 |     4 |     3 ||    17
         Grand Finale      |       |       |       |       |       |     1 |     1 |     1 |     7 ||    10
Ability: Invent Gizmo      |       |       |       |       |     1 |       |       |       |       ||     1
  Evoke: Wand              |       |       |     6 |     2 |     8 |       |    10 |     9 |     1 ||    36
         Phial of floods   |       |       |       |       |       |       |       |     1 |     1 ||     2
    Use: Scroll            |       |     3 |     9 |     5 |     7 |    10 |     8 |    21 |    11 ||    74
         Potion            |       |       |       |     1 |     1 |     5 |     2 |     3 |    17 ||    29
   Stab: Sleeping          |     1 |       |       |       |       |       |       |       |       ||     1
         Paralysed         |       |       |     5 |    36 |    64 |    92 |   223 |   156 |   164 ||   740
         Held in net/web   |       |       |       |     2 |       |       |       |       |       ||     2
         Confused          |       |       |       |       |     4 |     2 |     3 |     2 |     1 ||    12
         Distracted        |       |       |       |       |       |     1 |       |       |       ||     1
 Armour: Leather armour    |    55 |     3 |    60 |   221 |    55 |       |       |       |       ||   394
         Chain mail        |       |    85 |    76 |    43 |   373 |       |       |       |       ||   577
         Plate armour      |       |       |       |       |   392 |  1415 |  1249 |  1312 |  1022 ||  5390
         Skin              |       |       |       |       |       |       |       |       |    19 ||    19
  Dodge: Dodged            |    53 |    40 |    87 |   182 |   343 |   557 |   583 |   568 |   403 ||  2816

Table legend: (Time is in decaauts)
 A = Elapsed time spent in this place.
 B = Non-inter-level travel time spent in this place.
 C = Inter-level travel time spent in this place.
 D = Time resting spent in this place.
 E = Time spent auto-exploring this place.
 F = Levels seen in this place.
 G = Mean time per level.
                   A        B        C        D        E       F      G
               +--------+--------+--------+--------+--------+-----+--------+
         Total |  81937 |  71542 |  10395 |  17324 |  18065 |  55 | 1489.8 |
       Dungeon |  22506 |  17968 |   4538 |   3670 |   7552 |  15 | 1500.4 |
        Temple |    137 |    137 |      0 |    136 |      0 |   1 |  137.0 |
          Lair |   9782 |   8679 |   1103 |   2965 |   2359 |   5 | 1956.4 |
         Swamp |   5383 |   4933 |    450 |   1157 |   1200 |   4 | 1345.8 |
   Spider Nest |   6642 |   6099 |    543 |   1523 |    922 |   4 | 1660.5 |
    Slime Pits |   3166 |   3059 |    107 |   1051 |    104 |   5 |  633.2 |
  Orcish Mines |   2428 |   1853 |    575 |    344 |    880 |   2 | 1214.0 |
   Elven Halls |   4182 |   3923 |    259 |    626 |    873 |   3 | 1394.0 |
        Vaults |   8186 |   6991 |   1195 |   1406 |   1440 |   4 | 2046.5 |
        Depths |   5953 |   4948 |   1005 |    890 |   1666 |   4 | 1488.2 |
           Zot |  10391 |   9773 |    618 |   2552 |    981 |   5 | 2078.2 |
        Bazaar |     94 |     94 |      0 |      0 |     50 |   1 |   94.0 |
      Ice Cave |   1440 |   1440 |      0 |    669 |     33 |   1 | 1440.0 |
    Desolation |   1640 |   1640 |      0 |    332 |      4 |   1 | 1640.0 |
               +--------+--------+--------+--------+--------+-----+--------+

Top non-repeatable levels by time:
   Zot:5: 3576 daAuts
  Lair:2: 3168 daAuts
  Lair:1: 2599 daAuts
   Zot:1: 2526 daAuts
Vaults:1: 2400 daAuts
Vaults:2: 2396 daAuts
Spider:3: 2316 daAuts
    D:14: 2024 daAuts
     D:6: 1958 daAuts
 Swamp:4: 1896 daAuts
     D:8: 1886 daAuts
    D:13: 1877 daAuts
 Slime:5: 1846 daAuts
Vaults:4: 1827 daAuts
Spider:2: 1825 daAuts
